 Dungeon Crawl Stone Soup version 0.26-a0-652-gafc20e3620 (webtiles) character file.

Game seed: 3440934092529767174

8825 Psyclone the Destroyer (level 11, -7/83 HPs)
             Began as an Octopode Conjurer on Oct 4, 2020.
             Was an Initiate of Gozag.
             Mangled by an air elemental (13 damage)
             ... on level 10 of the Dungeon.
             The game lasted 00:34:11 (14945 turns).

Psyclone the Destroyer (Octopode Conjurer)         Turns: 14945, Time: 00:34:12

Health: -7/83      AC:  4    Str: 14    XL:     11   Next: 36%
Magic:  15/22      EV: 17    Int: 23    God:    Gozag
Gold:   1129       SH:  0    Dex: 12    Spells: 13/24 levels left

rFire    . . .     SeeInvis .   a - +0 dagger (holy)
rCold    . . .     Faith    .   (no shield)
rNeg     . . .     Spirit   .   F - +2 hat
rPois    +         Reflect  .   E - amulet of magic regeneration
rElec    .         Harm     .   s - ring of resist corrosion
rCorr    +         Rampage  .   v - ring of stealth
MR       .....                  w - +4 ring of slaying
Stlth    ++++......             u - ring of poison resistance
HPRegen  0.23/turn              f - +6 ring of strength
MPRegen  0.43/turn              (no ring)
                                (no ring)
                                (no ring)

@: about to teleport, flying (expiring), studying Fighting
A: almost no armour, stealthy swim, amphibious, 8 rings, constrict 8, camouflage
1, agile 1, shaggy fur 1, gelatinous body 1
a: Potion Petition, Call Merchant, Bribe Branch, Renounce Religion


You were on level 10 of the Dungeon.
You worshipped Gozag.
Gozag was most pleased with you.
You visited 2 branches of the dungeon, and saw 12 of its levels.
You also visited: Sewer.

You collected 2513 gold pieces.
You spent 1324 gold pieces at shops.
You paid 60 gold pieces to Gozag.

Inventory:

Hand Weapons
 a - a +0 dagger of holy wrath (weapon)
Missiles
 t - 72 poisoned darts (quivered)
Armour
 F - a +2 hat (worn)
Jewellery
 b - an uncursed ring of ice
 f - a +6 ring of strength (on tentacle)
 s - a ring of resist corrosion (left tentacle)
 u - a ring of poison resistance (on tentacle)
 v - a ring of stealth (right tentacle)
 w - a +4 ring of slaying (on tentacle)
 E - an amulet of magic regeneration (around mantle)
Wands
 e - a wand of paralysis (9)
 D - a wand of polymorph (13)
 J - a wand of acid (26)
 K - a wand of enslavement (6)
 O - a wand of flame (19)
Scrolls
 h - 8 scrolls of magic mapping
 k - 3 scrolls of teleportation
 l - 4 scrolls of fog
 o - 4 scrolls of remove curse
 r - 3 scrolls of enchant weapon
 y - 2 scrolls of fear
 B - 2 scrolls of immolation
 I - 2 scrolls of amnesia
 M - a scroll of enchant armour
Potions
 c - a potion of heal wounds
 d - a potion of lignification {unknown}
 g - 2 potions of resistance {unknown}
 i - 3 potions of might
 j - 4 potions of flight
 m - 6 potions of curing
 p - 2 potions of berserk rage
 q - a potion of cancellation
 z - a potion of magic
 A - 2 potions of stabbing
 C - 2 potions of brilliance
 G - a potion of ambrosia
Books
 L - a manual of Fighting


   Skills:
 + Level 11.2 Fighting
 + Level 8.0 Dodging
 - Level 2.6 Stealth
 - Level 7.3 Spellcasting
 - Level 11.5 Conjurations


You had 13 spell levels left.
You knew the following spells:

 Your Spells              Type           Power        Failure   Level
a - Magic Dart            Conj           ####         1%          1
b - Searing Ray           Conj           ######       1%          2
d - Fulminant Prism       Conj/Hex       #####.....   7%          4
e - Iskenderun's Mystic   Conj/Tloc      #####...     7%          4

Your spell library contained the following spells:

 Spells                   Type           Power        Failure   Level
 Dazzling Flash           Conj/Hex       #####.       1%          3


Dungeon Overview and Level Annotations

Branches:
Dungeon (11/15)            Temple (1/1) D:7           Sewer (visited)
   Lair: D:8-11         Orc: D:9-12

Altars:
Ashenzari
Dithmenos
Elyvilon
Fedhas
Gozag
Hepliaklqana
Kikubaaqudgha
Makhleb
Nemelex Xobeh
Okawaru
Qazlal
Ru
Sif Muna
Trog
Uskayaw
Vehumet
Wu Jian
Xom
Yredelemnul
Zin

Shops:
D:4 :   D:5 *:   D:7 }

Annotations:
D:8 exclusion: downstairs
D:11 Erica


Innate Abilities, Weirdness & Mutations

You cannot wear most types of armour.
You are very stealthy in the water. (Stealth+)
You are amphibious.
You can wear up to eight rings at the same time.
You can use your tentacles to constrict eight enemies at once.
Your skin changes colour to match your surroundings (Stealth+).
Your rubbery body absorbs attacks. (AC +1, EV +1)
You are agile. (Dex +2)
You are covered in fur. (AC +1)


Message History

The air elemental is heavily damaged.
The air elemental is knocked back by the mystic blast.
A vortex of raging winds appears around the air elemental!
You now have 14/22 mp.
The vortex of raging winds lifts you up.
You fly up into the air.
You stop ascending the stairs.
The air elemental hits you. The air elemental hits you!
* * * LOW HITPOINT WARNING * * *
You take 15 damage, and have 20/83 hp.
* * * LOW HITPOINT WARNING * * *
The air elemental completely misses you.
You take 5 damage, and have 15/83 hp.
As you read the scroll of teleportation, it crumbles to dust.
You feel strangely unstable.
You are engulfed in raging winds.
* * * LOW HITPOINT WARNING * * *
The winds around the air elemental start to calm down.
The air elemental hits you but does no damage.
The air elemental hits you!
You die...
Your body crumbles into a pile of gold.

'....#...#...............).......
#....##+##...=...................
#................########'#....##
#......)....§§§§§§....>...#....+.
#........)..§§§§§#..[.....#....#.
#...))......§§§§§##...##..#....##
.....###'##+##§§§§##'######......
.....#.......#§E§§#.......'......
.....#.......#§§@§#.......#......
.....+......§§§§§§#.......#......
.....#..####'§#####.......#......
.....#..#≈≈....≈≈##.......#.?....
.....#..#≈≈....≈≈####.#####.....(
.....#..#........#..#.##....####.
....>#..#...≈≈...#..#..#....#..#.
.....'..#...#....#..#..#....#..'.
.....####........#..#..#....#+##.


You could see an air elemental.

Vanquished Creatures
  2 ugly things (D:11)
  A centaur zombie (D:10)
  A kobold demonologist (D:11)
  Grinder (D:5)
  A hornet (D:10)
  Prince Ribbit (D:6)
  2 hippogriffs
  A water elemental (D:10)
  Eustachio (D:4)
  A yak (D:8)
  A fire elemental (D:10)
  A steam dragon (D:11)
  A soldier ant (D:10)
  An ice beast (D:6)
  4 orc warriors
  A necrophage (D:8)
  A phantom (D:11)
  A black bear (D:8)
  6 sky beasts
  3 ogres
  2 centaurs
  8 big kobolds
  Blork the orc (D:5)
  5 bullfrogs
  An elf skeleton (D:8)
  3 gnoll sergeants
  An earth elemental (D:10)
  3 scorpions
  2 troll zombies (D:8)
  13 wights
  2 howler monkeys
  3 jellies
  8 orc priests
  2 centaur skeletons
  A human zombie (D:8)
  4 hounds
  6 orc wizards
  A bullfrog skeleton (D:10)
  3 gnoll shamans
  2 human skeletons (D:8)
  2 iguanas
  Terence (D:2)
  Ijyb (D:5)
  3 worker ants
  An ogre skeleton (D:8)
  A hound skeleton (D:7)
  A mummy (D:8)
  A howler monkey zombie (D:9)
  A worker ant zombie (D:10)
  30 gnolls
  5 river rats
  11 adders
  3 white imps
  2 ufetubi
  4 oozes
  8 worms
  A dart slug (D:2)
  6 leopard geckos
  31 orcs
  7 bats
  4 giant cockroaches
  6 goblins
  4 hobgoblins
  3 jackals (D:6)
  43 kobolds
  3 quokkas
  7 ball pythons
  4 frilled lizards
  A jackal skeleton (D:7)
  A leopard gecko skeleton (D:4)
  An orc zombie (D:8)
  A quokka skeleton (D:8)
  A quokka zombie (D:6)
  8 rats
310 creatures vanquished.

Notes
Turn   | Place    | Note
-------+----------+-------------------------------------------
     0 | D:1      | Psyclone the Octopode Conjurer began the quest for the Orb.
     0 | D:1      | Reached XP level 1. HP: 11/11 MP: 3/3
   134 | D:1      | Reached XP level 2. HP: 15/17 MP: 1/5
   269 | D:1      | Learned a level 2 spell: Searing Ray
  1041 | D:2      | Found a burning altar of Makhleb.
  1074 | D:2      | Reached XP level 3. HP: 21/21 MP: 3/6
  1822 | D:2      | Noticed Terence
  1830 | D:2      | Killed Terence
  1830 | D:2      | Reached skill level 5 in Conjurations
  1830 | D:2      | Reached XP level 4. HP: 27/27 MP: 0/8
  2268 | D:3      | Found a broken altar of Ashenzari.
  2631 | D:3      | Reached XP level 5. HP: 31/31 MP: 5/9
  2683 | D:3      | Found an opulent altar of Gozag.
  2692 | D:3      | Became a worshipper of Gozag Ym Sagoz the Greedy
  3761 | D:4      | Reached XP level 6. HP: 36/36 MP: 1/11
  3872 | D:4      | Found a glowing drain.
  3916 | Sewer    | Entered a sewer
  4734 | Sewer    | Reached XP level 7. HP: 41/41 MP: 8/13
  4921 | D:4      | Found an ancient bone altar of Kikubaaqudgha.
  5042 | D:4      | Noticed Eustachio
  5051 | D:4      | Killed Eustachio
  5226 | D:4      | Found Kypliull's Book Shoppe.
  5832 | D:5      | Entered Level 5 of the Dungeon
  5862 | D:5      | Noticed Grinder
  5869 | D:5      | Killed Grinder
  5869 | D:5      | Reached skill level 5 in Spellcasting
  5869 | D:5      | Reached XP level 8. HP: 32/46 MP: 7/15
  6086 | D:5      | Noticed Blork the orc
  6090 | D:5      | Killed Blork the orc
  6148 | D:5      | Found Ibruxzep's Lightly-Used Armoury.
  6180 | D:5      | Found Ziopsewu's Book Shop.
  6256 | D:5      | Noticed Ijyb
  6260 | D:5      | Killed Ijyb
  6536 | D:6      | Noticed Prince Ribbit
  7316 | D:6      | Killed Prince Ribbit
  7397 | D:6      | Reached XP level 9. HP: 49/51 MP: 13/18
  7408 | D:6      | Reached skill level 10 in Conjurations
  8160 | D:7      | Found a staircase to the Ecumenical Temple.
  8175 | Temple   | Entered the Ecumenical Temple
  8253 | D:7      | Found a broken altar of Ashenzari.
  8672 | D:8      | Found an iron altar of Okawaru.
  9058 | D:7      | Found Gobbanakh's Gadget Shoppe.
  9584 | D:4      | Bought a manual of Fighting for 1324 gold pieces
  9706 | D:7      | Reached skill level 1 in Fighting
  9878 | D:7      | Reached XP level 10. HP: 63/63 MP: 15/21
 10537 | D:8      | Reached skill level 5 in Fighting
 10799 | D:8      | Found a basalt altar of Yredelemnul.
 10992 | D:8      | Identified the +6 quarterstaff of Xom's Brutal Revenge
                  | {venom, rElec rC+ rN+}
 10992 | D:8      | Noticed a centaur warrior
 11645 | D:9      | Noticed an elephant
 11757 | D:9      | You fall into a shaft and drop 2 floors!
 11935 | D:11     | Gained mutation: You can translocate small distances at
                  | will. [potion of mutation]
 11935 | D:11     | Gained mutation: You are covered in fur. (AC +1) [potion of
                  | mutation]
 11935 | D:11     | Gained mutation: Your spells are a little easier to cast,
                  | but a little less powerful. [potion of mutation]
 11935 | D:11     | Gained mutation: You are agile. (Dex +2) [potion of
                  | mutation]
 11936 | D:11     | Lost mutation: You can translocate small distances at will.
                  | [potion of mutation]
 11936 | D:11     | Lost mutation: You are agile. (Dex +2) [potion of mutation]
 11936 | D:11     | Lost mutation: Your spells are a little easier to cast, but
                  | a little less powerful. [potion of mutation]
 11936 | D:11     | Gained mutation: You are agile. (Dex +2) [potion of
                  | mutation]
 12340 | D:11     | Noticed a kobold demonologist
 12344 | D:11     | Noticed an orange demon
 12353 | D:11     | Killed a kobold demonologist
 12353 | D:11     | Reached skill level 5 in Dodging
 12578 | D:11     | Noticed a brown ugly thing
 12588 | D:11     | Killed a brown ugly thing
 12588 | D:11     | Reached skill level 10 in Fighting
 12803 | D:11     | Reached XP level 11. HP: 72/81 MP: 18/22
 12876 | D:11     | Noticed Erica
 12877 | D:11     | Noticed a green ugly thing
 12886 | D:11     | Killed a green ugly thing
 13167 | D:10     | Entered Level 10 of the Dungeon
 13206 | D:10     | Found a large runed translucent door.
 13207 | D:10     | Found a large runed translucent door.
 13250 | D:10     | Learned a level 4 spell: Fulminant Prism
 13255 | D:10     | Learned a level 4 spell: Iskenderun's Mystic Blast
 13414 | D:10     | Paralysed by a hornet for 1 turns
 14945 | D:10     | Mangled by an air elemental

Illustrated notes

Levels and vault maps discovered:
D:1:      psy_arrival_conway, layout_basic, minmay_circled_x
D:2:      layout_loops_corners, lemuel_crystal_altar, minmay_door_square,
          uniq_terence
D:3:      layout_basic, overflow_temple_1_default, grunt_gozag_breadcrumbs,
          minmay_randomly_rotated_circles
D:4:      layout_basic, kennysheep_mini_moat, serial_shops,
          nicolae_shop_competitors_out_of_business, portal_sewer_entry_e,
          mrwooster_statue_mirror, lightli_minifort, uniq_eustachio
D:5:      layout_rooms, serial_shops, nicolae_shop_waterfront,
          minmay_shop_damaged, uniq_ijyb, uniq_grinder, uniq_blork_the_orc
D:6:      layout_basic, uniq_prince_ribbit1
D:7:      layout_basic, minmay_temple_entry_large_hall, basic_altar,
          serial_shops, shop
D:8:      hangedman_cross_veins, layout_basic,
          lemuel_mausoleum_altar_yredelemnul, okawaru_trees_2
D:9:      layout_roguey, lemuel_coloured_pillars_altar, tso_metal_star,
          david_lair_generic, wad_dig_loot
D:10:     layout_gridville, kennysheep_diamond, lightli_elemental_guards
D:11:     layout_loops_ring, erik_orc_1, uniq_erica
Temple:   nicolae_temple_no_exploring_needed

Skill      XL: |  1  2  3  4  5  6  7  8  9 10 11 |
---------------+----------------------------------+-----
Conjurations   | 5 6 7 8 9 11 | 11.5
Spellcasting   | 3 4 5 6 7 |  7.3
Fighting       | 3 10 11 | 11.2
Dodging        | 6 8 |  8.0
Stealth        | |  2.6

Action                   |  1- 3 |  4- 6 |  7- 9 | 10-12 || total
-------------------------+-------+-------+-------+-------++-------
Melee: Unarmed           |     6 |       |       |       ||     6
       Constrict         |     4 |     3 |     1 |     7 ||    15
       Tentacles         |     1 |     2 |     1 |     7 ||    11
       Dagger            |     9 |    12 |     5 |    38 ||    64
 Cast: Magic Dart        |    32 |    59 |    64 |    23 ||   178
       Searing Ray       |     1 |    27 |    83 |    92 ||   203
       Iskenderun's Myst |       |       |       |     3 ||     3
  Use: Scroll            |       |       |     9 |    24 ||    33
       Potion            |       |       |       |     7 ||     7
 Stab: Sleeping          |     3 |     3 |     3 |     5 ||    14
Armor: Skin              |       |       |     8 |    23 ||    31
Dodge: Dodged            |     9 |    14 |    47 |    97 ||   167

Table legend: (Time is in decaauts)
 A = Elapsed time spent in this place.
 B = Non-inter-level travel time spent in this place.
 C = Inter-level travel time spent in this place.
 D = Time resting spent in this place.
 E = Time spent auto-exploring this place.
 F = Levels seen in this place.
 G = Mean time per level.
                   A        B        C        D        E       F      G
               +--------+--------+--------+--------+--------+-----+--------+
         Total |  14987 |  14250 |    737 |   3194 |   8064 |  13 | 1152.8 |
       Dungeon |  14083 |  13346 |    737 |   2999 |   7582 |  11 | 1280.3 |
        Temple |      1 |      1 |      0 |      0 |      0 |   1 |    1.0 |
         Sewer |    902 |    902 |      0 |    195 |    482 |   1 |  902.0 |
               +--------+--------+--------+--------+--------+-----+--------+

Top non-repeatable levels by time:
     D:8: 1785 daAuts
    D:10: 1777 daAuts
     D:6: 1740 daAuts
     D:4: 1588 daAuts
    D:11: 1452 daAuts
     D:7: 1441 daAuts
     D:2: 1414 daAuts
     D:3: 1101 daAuts
     D:1: 1004 daAuts
   Sewer: 902 daAuts
     D:5: 553 daAuts
     D:9: 222 daAuts
  Temple: 1 daAuts
